 Dungeon Crawl Stone Soup version 0.30-a0-726-gd89dcf765f (webtiles) character file.

Game seed: 6960824588493839416

86 Sabo the Conjurer (level 4, -5/29 HPs)
             Began as an Octopode Conjurer on Jan 29, 2023.
             Killed from afar by an orc wizard (8 damage)
             ... with a puff of flame
             ... on level 3 of the Dungeon.
             The game lasted 00:14:27 (2426 turns).

Sabo the Conjurer (Octopode Conjurer)               Turns: 2426, Time: 00:14:28

Health: -5/29      AC:  1    Str:  6    XL:     4   Next: 50%
Magic:  1/8        EV: 13    Int: 22    God:
Gold:   63         SH:  0    Dex:  8    Spells: 7/8 levels left

rFire   . . .      SeeInvis .    o - +0 hand axe
rCold   . . .      Faith    .    (no shield)
rNeg    . . .      Spirit   .    (helmet restricted)
rPois   .          Reflect  .    (no amulet)
rElec   .          Harm     .    (no ring)
rCorr   .          Rampage  .    (no ring)
Will    .....                    (no ring)
Stlth   +++                      (no ring)
HPRegen 0.24/turn                (no ring)
MPRegen 0.11/turn                (no ring)
                                 (no ring)
                                 (no ring)

@: no status effects
A: almost no armour, amphibious, 8 rings, camouflage 1, gelatinous body 1,
(nimble swimmer 1), tentacles, clumsy 1, robust 1
a: no special abilities


You were on level 3 of the Dungeon.
You visited 1 branch of the dungeon, and saw 3 of its levels.

You collected 63 gold pieces.

Inventory:

Hand Weapons
 o - a +0 hand axe (weapon)
Missiles
 f - 2 boomerangs (quivered)
Magical Staves
 q - a staff of cold
Jewellery
 m - a ring of ice
Scrolls
 c - a scroll of enchant weapon
 d - a scroll of silence
 j - 2 scrolls of teleportation
 k - 2 scrolls of fear {unknown}
Potions
 a - a potion of magic
 g - 3 potions of resistance
 h - a potion of mutation
 i - a potion of brilliance {unknown}
 l - a potion of flight {unknown}


   Skills:
 * Level 0.4(0.5) Axes
 - Level 0.3(0.5) Polearms
 + Level 2.1 Dodging
 + Level 3.3 Stealth
 + Level 2.9 Spellcasting
 + Level 4.8 Conjurations


You had 7 spell levels left.
You knew the following spells:

 Your Spells              Type           Power      Damage    Failure   Level
a - Magic Dart            Conj           96%        1d7       1%          1

Your spell library contained the following spells:

 Spells                   Type           Power      Damage    Failure   Level
 Searing Ray              Conj           48%        2d6       2%          2
 Shock                    Conj/Air       52%        1d6       4%          1
 Static Discharge         Conj/Air       26%        2-4/arc   7%          2
 Apportation              Tloc           6%         N/A       13%         1
 Dazzling Flash           Conj/Hex       26%        N/A       14%         3
 Swiftness                Air            3%         N/A       36%         3
 Vhi's Electric Charge    Tloc/Air       6%         N/A       36%         3
 Fulminant Prism          Conj/Hex       6%         3d7       41%         4
 Iskenderun's Mystic Bla  Conj/Tloc      13%        2d5       41%         4
 Airstrike                Air            1%         2d(1-17)  77%         4
 Arcjolt                  Conj/Air       6%         1d16      77%         5
 Lightning Bolt           Conj/Air       6%         1d18      77%         5
 Alistair's Intoxication  Tmut/Pois      2%         N/A       98%         5


Dungeon Overview and Level Annotations

Branches:
Dungeon (3/15)

Altars:


Innate Abilities, Weirdness & Mutations

You cannot wear most types of armour.
You are amphibious.
You can wear up to eight rings at the same time.
Your skin changes colour to match your surroundings (Stealth+).
Your rubbery body absorbs attacks. (AC +1, EV +1)
((You are camouflaged when in or above water. (Stealth+)))
You have tentacles for arms and can constrict up to eight enemies at once.
You are clumsy. (Dex -2)
You are robust. (+10% HP)


Message History

Casting: Magic Dart (safe; 1% risk of failure)
Confirm with . or Enter, or press ? or * to list all spells.
Aiming: Magic Dart (safe; 1% risk of failure)
Press: ? - help, Shift-Dir - straight line, f/p - orc priest
Aim: an orc priest, wielding a +0 flail (severely wounded, 100% to hit)
The magic dart hits the orc priest.
The orc priest is almost dead.
The orc priest casts a cantrip, but nothing happens.
Casting: Magic Dart (safe; 1% risk of failure)
Confirm with . or Enter, or press ? or * to list all spells.
Aiming: Magic Dart (safe; 1% risk of failure)
Press: ? - help, Shift-Dir - straight line, f/p - orc priest
Aim: an orc priest, wielding a +0 flail (almost dead, 100% to hit)
The magic dart hits the orc priest.
You kill the orc priest!
Things that are here:
a +0 dagger; an orc corpse You barely miss something.
Your squeeze misses something. Something barely misses you.
You closely miss something. Your squeeze misses something. Something hits you.
You miss something. Your squeeze misses something. Something hits you.
You hit something but do no damage. Something hits you. x2
You hit something. Something hits you.
You hit something.
You hear some strange, mumbled words.
A puff of flame appears from out of thin air!
The puff of flame hits you!
* * * LOW HITPOINT WARNING * * *
You miss something. Your squeeze misses something. Something hits you.
* * * LOW HITPOINT WARNING * * *
It was a potion of mutation.
You feel extremely strange.
You feel clumsy.
You feel robust. Something barely misses you.
You miss something. Your squeeze misses something.
You hear some strange, mumbled words.
Something tries to affect you, but you resist.
You hear some strange, mumbled words.
A puff of flame appears from out of thin air!
The puff of flame hits you!
You die...

****,,,,*,******,,,,
*******,,,,,,,*,* *,,,,,,
*,,,,,,,,,,,,,*,****,*****
*,*****,*****,*,,,,,,,,,,,
*,* #.#####,**,,,#,.,*,*
*,* #....<#+##,,.#S.,,,*
*,****######...#,..{..,*,*
*,**,,,#####...#......,*,*
*,,+,,,+.@{g)..'..>...,,,,
****,,,####....###..#.,,*,
*******#+####**,,,*,*,,
*,,,,,,,,,*,,,,∩,,,
*****,,,,,,,,,*,,,*,*,,
*,,,,,,,,,,,,,*,,*,,,*,
*,,,,,**+******,,,,,,,,
*,,,,,,,,*,,,,,,*,**,,,
******+***,****,*,****,


You could see a hobgoblin.

Vanquished Creatures
  An orc priest (D:3)
  2 worms (D:2)
  An orc (D:3)
  7 ball pythons
  6 bats
  3 endoplasms
  3 giant cockroaches
  5 goblins
  5 hobgoblins
  A quokka (D:2)
  4 frilled lizards
  5 kobolds
  5 rats
48 creatures vanquished.

Notes
Turn   | Place    | Note
-------+----------+-------------------------------------------
     0 | D:1      | Sabo the Octopode Conjurer began the quest for the Orb.
     0 | D:1      | Reached XP level 1. HP: 11/11 MP: 3/3
   227 | D:1      | Reached XP level 2. HP: 17/17 MP: 5/5
  1184 | D:2      | Reached XP level 3. HP: 21/21 MP: 4/6
  2413 | D:3      | Reached XP level 4. HP: 27/27 MP: 4/7
  2425 | D:3      | Gained mutation: You are clumsy. (Dex -2) [potion of
                  | mutation]
  2425 | D:3      | Gained mutation: You are robust. (+10% HP) [potion of
                  | mutation]
  2426 | D:3      | Killed from afar by an orc wizard

Illustrated notes

Levels and vault maps discovered:
D:1:      dpeg_arrival_radiant, layout_basic
D:2:      layout_loops_cross, grunt_ministairs_11
D:3:      layout_basic, mainiacjoe_overflow_cross_hatched, serial_shops, shop,
          nicolae_shop_stone, nicolae_shop_waterfront,
          nicolae_shop_advertising_works [nicolae_subvault_shop_adworks],
          nicolae_lakefront_shop, cheibrodos_sewer_entry_bend,
          dk_noncrumbling_3, minmay_misc_feat_x, nrook_loot_triangle

Skill      XL: |  1  2  3 |
---------------+----------+-----
Stealth        | 3 |  3.3
Axes           | |  0.4
Polearms       | |  0.3
Dodging        | |  2.1
Spellcasting   | |  2.9
Conjurations   | |  4.8

Action                     |  1- 3 |  4- 6 || total
---------------------------+-------+-------++-------
  Melee: Short sword       |     2 |       ||     2
         Constrict         |     9 |       ||     9
         Spear             |     6 |       ||     6
         Tentacles         |     5 |       ||     5
         Hand axe          |    11 |     8 ||    19
   Cast: Magic Dart        |    74 |     4 ||    78
    Use: Scroll            |     7 |       ||     7
         Potion            |       |     1 ||     1
   Stab: Sleeping          |     1 |       ||     1
 Armour: Skin              |     3 |       ||     3
  Dodge: Dodged            |    16 |     2 ||    18

Table legend: (Time is in decaauts)
 A = Elapsed time spent in this place.
 B = Non-inter-level travel time spent in this place.
 C = Inter-level travel time spent in this place.
 D = Time resting spent in this place.
 E = Time spent auto-exploring this place.
 F = Levels seen in this place.
 G = Mean time per level.
                   A        B        C        D        E       F      G
               +--------+--------+--------+--------+--------+-----+--------+
         Total |   2429 |   2429 |      0 |    812 |      0 |   3 |  809.7 |
       Dungeon |   2429 |   2429 |      0 |    812 |      0 |   3 |  809.7 |
               +--------+--------+--------+--------+--------+-----+--------+

Top non-repeatable levels by time:
     D:2: 1407 daAuts
     D:1: 989 daAuts
     D:3: 32 daAuts
